 Dungeon Crawl Stone Soup version 0.27.1-35-g4d5d836560 (webtiles) character file.

Game seed: 17197591911396220670

42 Froggeryz the Cudgeller (level 3, -5/26 HPs)
             Began as an Octopode Berserker on Sept 16, 2022.
             Was a Follower of Trog.
             Slain by a gnoll (13 damage)
             ... on level 2 of the Dungeon.
             The game lasted 00:00:49 (1563 turns).

Froggeryz the Cudgeller (Octopode Berserker)        Turns: 1563, Time: 00:00:50

Health: -5/26      AC:  1    Str: 16    XL:     3   Next: 56%
Magic:  3/3        EV: 13    Int:  9    God:    Trog [*.....]
Gold:   77         SH:  0    Dex: 12    Spells: 2/2 levels left

rFire    . . .     SeeInvis .   e - +0 mace (protect)
rCold    . . .     Faith    .   (no shield)
rNeg     . . .     Spirit   .   (helmet restricted)
rPois    .         Reflect  .   (no amulet)
rElec    .         Harm     .   (no ring)
rCorr    .         Rampage  .   (no ring)
Will     .....                  (no ring)
Stlth    ++........             (no ring)
HPRegen  0.08/turn              (no ring)
MPRegen  0.08/turn              (no ring)
                                (no ring)
                                (no ring)

@: no status effects
A: almost no armour, amphibious, 8 rings, camouflage 1, gelatinous body 1,
(nimble swimmer 1), tentacles
a: Renounce Religion, Berserk


You were on level 2 of the Dungeon.
You worshipped Trog.
Trog was aware of your devotion.
You visited 1 branch of the dungeon, and saw 2 of its levels.

You collected 77 gold pieces.

Inventory:

Hand Weapons
 e - a +0 mace of protection (weapon)
Scrolls
 a - a scroll of blinking {unknown}
 b - a scroll of immolation {unknown}
 c - 2 scrolls of identify {unknown}
 d - a scroll of teleportation {unknown}
 f - a scroll of amnesia {unknown}
Potions
 g - a potion of heal wounds {unknown}


   Skills:
 + Level 3.5 Fighting
 * Level 4.1 Maces & Flails
 - Level 3.0 Dodging


You had 2 spell levels left.
You didn't know any spells.
Your spell library was empty.

Dungeon Overview and Level Annotations

Branches:
Dungeon (2/15)

Altars:
Wu Jian


Innate Abilities, Weirdness & Mutations

You cannot wear most types of armour.
You are amphibious.
You can wear up to eight rings at the same time.
Your skin changes colour to match your surroundings (Stealth+).
Your rubbery body absorbs attacks. (AC +1, EV +1)
((You are camouflaged near water. (Stealth+)))
You have tentacles for arms and can constrict up to eight enemies at once.


Message History

Found a scroll labelled IXYRUM UGROAWK.
Found a scroll labelled FONAL LADIHU.
Found a stone staircase leading down.
No target in view!
No target in view!
No target in view!
No target in view!
No target in view!
No target in view!
No target in view!
No target in view!
No target in view!
c - 2 scrolls labelled FONAL LADIHU (gained 1)
A gnoll comes into view. It is wielding a +0 halberd.
A gnoll is nearby!
A gnoll is nearby! 2 gnolls come into view.
Found a scroll labelled JEHEOCL INEITS.
The gnoll shouts! x3
The gnoll completely misses you.
The gnoll hits you from afar with a +0 halberd!
The gnoll misses you.
You closely miss the gnoll. You grab the gnoll. You squeeze the gnoll!
You kill the gnoll!
Trog accepts your kill.
The gnoll hits you from afar with a +0 spear.
The gnoll barely misses you.
The gnoll hits you from afar with a +0 spear!
The gnoll closely misses you.
Your Maces & Flails skill increases to level 4!
You are too injured to fight recklessly!
You are too injured to fight recklessly!
You are too injured to fight recklessly!
You are too injured to fight recklessly!
You are too injured to fight recklessly!
You are too injured to fight recklessly!
You are too injured to fight recklessly!
The gnoll hits you from afar with a +0 halberd!
Ouch! That really hurt!
You die...

#
...#.....#.#.#.#.........
.........#.#.#.#.........
.........#.#.#.#...._....
...........#.#...........
..>........#'#...........
.######.####.#.....##....
#.# #...####......
####.######## #....##
#....@.g# #....#
#......)...... #....#
#......g...... #....#
#.#.......#### ####.#
#.##+###.... #.# # #####
### .#


You could see 2 gnolls.

Vanquished Creatures
  A gnoll (D:2)
  4 bats
  5 endoplasms
  A giant cockroach (D:2)
  A goblin (D:1)
  2 hobgoblins (D:1)
  3 jackals (D:1)
  A quokka (D:1)
  6 ball pythons (D:1)
  2 kobolds (D:1)
  2 rats (D:1)
28 creatures vanquished.

Notes
Turn   | Place    | Note
-------+----------+-------------------------------------------
     0 | D:1      | Froggeryz the Octopode Berserker began the quest for the
                  | Orb.
     0 | D:1      | Reached XP level 1. HP: 16/16 MP: 1/1
   268 | D:1      | Reached XP level 2. HP: 21/21 MP: 2/2
   720 | D:1      | Reached XP level 3. HP: 23/26 MP: 3/3
  1451 | D:2      | Found an ornate altar of the Wu Jian Council.
  1563 | D:2      | Reached skill level 4 in Maces & Flails
  1563 | D:2      | Slain by a gnoll

Illustrated notes

Levels and vault maps discovered:
D:1:      minmay_arrival_widening_spiral_wide, layout_basic
D:2:      layout_basic, ebering_ecumenical_altar_box, serial_co_window_serial,
          co_window_paths_a, co_window_corner_a, co_window_paths_b,
          co_window_paths_a, co_window_paths_a, co_window_of_opportunity_a,
          co_window_corner_cb, co_window_paths_c, co_window_broadway_c,
          co_window_of_opportunity_c, co_window_broadway_c, co_window_paths_d,
          glass_columns_a, glass_columns_a, basic_altar, serial_bayou_crossing

Skill      XL: |  1  2  3 |
---------------+----------+-----
Maces & Flails | 4 |  4.1
Fighting       | |  3.5
Dodging        | |  3.0

Action                   || total
-------------------------++-------
Melee: Mace              ||    42
       Tentacles         ||    12
       Constrict         ||     9
 Stab: Sleeping          ||     8
Armor: Skin              ||     6
Dodge: Dodged            ||    25
